SAAA
PORT ROYAL DISASTER @ CALGARY LYNX
05/06/2020
 
TOP OF THE 1ST
Port Royal Disaster batting - Pitching for Calgary Lynx : RHP Jorge Rivas
Pitching: RHP Jorge Rivas
Batting: LHB Chris Whiteside 0-0: Ground out 1-3 (Groundball, 15)
Batting: RHB Stu Shaw 0-0: Called Strike
0-1: Swinging Strike
0-2: Ball
1-2: Ball
2-2: Hit by Pitch
Batting: RHB Mike Green 0-0: Ball
1-0: Called Strike
1-1: Foul Ball, location: 2F
1-2: Foul Ball, location: 2F
1-2: Ball
2-2: Foul Ball, location: 2F
2-2: Strikes out swinging
Batting: RHB Toshitsugu Sakamoto 0-0: Ball
1-0: Ball
2-0: Foul Ball, location: 2F
2-1: SINGLE (Groundball, 56)
Stu Shaw to second
Batting: LHB Randy Bowen 0-0: Fly out, F7 (Line Drive, 7S)
Top of the 1st over - 0 run(s), 1 hit(s), 0 error(s), 2 left on base; Port Royal 0 - Calgary 0
BOTTOM OF THE 1ST
Calgary Lynx batting - Pitching for Port Royal Disaster : RHP Chad Porter
Pitching: RHP Chad Porter
Batting: RHB John Huff 0-0: Ball
1-0: Foul Ball, location: 2F
1-1: Foul Ball, location: 2F
1-2: Ball
2-2: Foul Ball, location: 2F
2-2: Ball
3-2: SINGLE (Flyball, 89S)
Batting: RHB Darren Tomlinson 0-0: Ball
1-0: Swinging Strike
1-1: Fly out, F3 (Popup, 34S)
Batting: LHB Timmy Appeldoorn 0-0: SINGLE (Line Drive, 4M)
John Huff to second
Batting: SHB Vasco Paradela 0-0: Fly out, F7 (Flyball, 7LM)
Batting: RHB Pancho Salaedo 0-0: Ball
1-0: Fly out, F7 (Flyball, 78M)
Bottom of the 1st over - 0 run(s), 2 hit(s), 0 error(s), 2 left on base; Port Royal 0 - Calgary 0
TOP OF THE 2ND
Port Royal Disaster batting - Pitching for Calgary Lynx : RHP Jorge Rivas
Batting: LHB Peter Paul 0-0: Ball
1-0: Swinging Strike
1-1: Ball
2-1: Ball
3-1: Foul Ball, location: 2F
3-2: Foul Ball, location: 2F
3-2: Foul Ball, location: 2F
3-2: Base on Balls
Batting: LHB Nelson Sanders 0-0: Ball
1-0: Fly out, F7 (Line Drive, 7M)
Batting: RHB Dave Sterling 0-0: Ball
1-0: Ball
2-0: Ball
3-0: Called Strike
3-1: Called Strike
3-2: DOUBLE (Flyball, 78M)
Peter Paul to third
Batting: RHB Fred Rice 0-0: Swinging Strike
0-1: Called Strike
0-2: 3-RUN HOME RUN (Line Drive, 8LXD), Distance : 430 ft
Batting: LHB Chris Whiteside 0-0: Called Strike
0-1: TRIPLE (Line Drive, 9M)
Batting: RHB Stu Shaw 0-0: Ball
1-0: Called Strike
1-1: Foul Ball, location: 2F
1-2: Foul Ball, location: 2F
1-2: Ground out 4-3 (Groundball, 4)
Chris Whiteside scores
Batting: RHB Mike Green 0-0: Ball
1-0: Ball
2-0: Ball
3-0: Base on Balls
Batting: RHB Toshitsugu Sakamoto 0-0: Fly out, F3 (Popup, 3DF)
Top of the 2nd over - 4 run(s), 3 hit(s), 0 error(s), 1 left on base; Port Royal 4 - Calgary 0
BOTTOM OF THE 2ND
Calgary Lynx batting - Pitching for Port Royal Disaster : RHP Chad Porter
Batting: SHB Tom Craft 0-0: Foul Ball, location: 2F
0-1: Called Strike
0-2: Fly out, F8 (Popup, 6MD)
Batting: RHB Steve Brewer 0-0: Bunt for hit - play at first, batter OUT! 1-3
Batting: RHB Wilbur James 0-0: SINGLE (Groundball, 6MD)
Batting: LHB Iván Flores 0-0: Foul Ball, location: 2F
0-1: Foul Ball, location: 2F
0-2: Ball
1-2: Fly out, F7 (Flyball, 78S)
Bottom of the 2nd over - 0 run(s), 1 hit(s), 0 error(s), 1 left on base; Port Royal 4 - Calgary 0
TOP OF THE 3RD
Port Royal Disaster batting - Pitching for Calgary Lynx : RHP Jorge Rivas
Batting: LHB Randy Bowen 0-0: Ball
1-0: Fly out, F7 (Flyball, 78M)
Batting: LHB Peter Paul 0-0: Fly out, F8 (Flyball, 8RM)
Batting: LHB Nelson Sanders 0-0: Ball
1-0: Ball
2-0: Ball
3-0: Called Strike
3-1: Fly out, F8 (Flyball, 8LXD)
Top of the 3rd over - 0 run(s), 0 hit(s), 0 error(s), 0 left on base; Port Royal 4 - Calgary 0
BOTTOM OF THE 3RD
Calgary Lynx batting - Pitching for Port Royal Disaster : RHP Chad Porter
Batting: RHB John Huff 0-0: Ball
1-0: Ground out 6-3 (Groundball, 6M)
Batting: RHB Darren Tomlinson 0-0: Fly out, F8 (Flyball, 8RM)
Batting: LHB Timmy Appeldoorn 0-0: Ball
1-0: Fly out, F8 (Flyball, 8LXD)
Bottom of the 3rd over - 0 run(s), 0 hit(s), 0 error(s), 0 left on base; Port Royal 4 - Calgary 0
TOP OF THE 4TH
Port Royal Disaster batting - Pitching for Calgary Lynx : RHP Jorge Rivas
Batting: RHB Dave Sterling 0-0: Ball
1-0: Ball
2-0: Fly out, F8 (Flyball, 78M)
Batting: RHB Fred Rice 0-0: Ball
1-0: SINGLE (Line Drive, 4MD)
Batting: LHB Chris Whiteside 0-0: Swinging Strike
0-1: Ball
1-1: Ball
2-1: Swinging Strike
2-2: Ball
3-2: Fielders Choice at 2nd, 4-6 (Groundball, 4)
Batting: RHB Stu Shaw 0-0: Swinging Strike
0-1: Fly out, F8 (Flyball, 8LM)
Top of the 4th over - 0 run(s), 1 hit(s), 0 error(s), 1 left on base; Port Royal 4 - Calgary 0
BOTTOM OF THE 4TH
Calgary Lynx batting - Pitching for Port Royal Disaster : RHP Chad Porter
Batting: SHB Vasco Paradela 0-0: Called Strike
0-1: SINGLE (Line Drive, 8LS)
Batting: RHB Pancho Salaedo 0-0: Grounds into double play, 6-4-3 (Groundball, 6)
Batting: SHB Tom Craft 0-0: Ball
1-0: Ball
2-0: Called Strike
2-1: Foul Ball, location: 2F
2-2: Ball
3-2: Foul Ball, location: 2F
3-2: Foul Ball, location: 2F
3-2: Base on Balls
Batting: RHB Steve Brewer 0-0: Called Strike
0-1: Ball
1-1: Called Strike
1-2: Foul Ball, location: 2F
1-2: Ground out 4-3 (Groundball, 4)
Bottom of the 4th over - 0 run(s), 1 hit(s), 0 error(s), 1 left on base; Port Royal 4 - Calgary 0
TOP OF THE 5TH
Port Royal Disaster batting - Pitching for Calgary Lynx : RHP Jorge Rivas
Batting: RHB Mike Green 0-0: Called Strike
0-1: Swinging Strike
0-2: Ball
1-2: Foul Ball, location: 2F
1-2: Foul Ball, location: 2F
1-2: Ball
2-2: Foul Ball, location: 2F
2-2: SOLO HOME RUN (Flyball, 78XD), Distance : 411 ft
Batting: RHB Toshitsugu Sakamoto 0-0: Foul Ball, location: 2F
0-1: Ball
1-1: Ball
2-1: Foul Ball, location: 2F
2-2: SOLO HOME RUN (Flyball, 7D), Distance : 392 ft
Batting: LHB Randy Bowen 0-0: Foul Ball, location: 2F
0-1: Foul Ball, location: 2F
0-2: Ball
1-2: SOLO HOME RUN (Flyball, 78XD), Distance : 437 ft
Batting: LHB Peter Paul 0-0: Ground out 1-3 (Groundball, 13)
Batting: LHB Nelson Sanders 0-0: SINGLE (Groundball, 56D)
Batting: RHB Dave Sterling 0-0: Ball
1-0: Called Strike
1-1: Fly out, F2 (Popup, 2LF)
Batting: RHB Fred Rice 0-0: Ball
1-0: Swinging Strike
1-1: Called Strike
1-2: Strikes out swinging
Top of the 5th over - 3 run(s), 4 hit(s), 0 error(s), 1 left on base; Port Royal 7 - Calgary 0
BOTTOM OF THE 5TH
Calgary Lynx batting - Pitching for Port Royal Disaster : RHP Chad Porter
Batting: RHB Wilbur James 0-0: Ball
1-0: Bunt for hit - play at first, batter OUT! 1-3
Batting: LHB Iván Flores 0-0: Foul Ball, location: 2F
0-1: Ball
1-1: Swinging Strike
1-2: Ball
2-2: Ground out 4-3 (Groundball, 4)
Batting: RHB John Huff 0-0: Ball
1-0: DOUBLE (Line Drive, 7LM)
Batting: RHB Darren Tomlinson 0-0: SINGLE (Line Drive, 89S)
John Huff to third
Runner from 3rd tries for Home, SAFE, no throw or cutoff
Batting: LHB Timmy Appeldoorn 0-0: Foul Ball, location: 2F
0-1: Ball
1-1: Ball
2-1: Swinging Strike
2-2: Ball
3-2: SINGLE (Line Drive, 56)
Darren Tomlinson to second
Darren Tomlinson to third
Batting: SHB Vasco Paradela 0-0: Called Strike
0-1: Ball
1-1: Ball
2-1: Foul Ball, location: 2F
2-2: Fly out, F9 (Line Drive, 9M)
Bottom of the 5th over - 1 run(s), 3 hit(s), 0 error(s), 2 left on base; Port Royal 7 - Calgary 1
TOP OF THE 6TH
Port Royal Disaster batting - Pitching for Calgary Lynx : RHP Jorge Rivas
Pitching: LHP Keith Hall
Batting: LHB Chris Whiteside 0-0: Ball
1-0: Foul Ball, location: 2F
1-1: SINGLE (Groundball, 34D) (infield hit)
Batting: RHB Stu Shaw 0-0: Foul Ball, location: 2F
0-1: Swinging Strike
0-2: Foul Ball, location: 2F
0-2: Ball
Wild Pitch!
Chris Whiteside to second
1-2: Foul Ball, location: 2F
1-2: Ball
2-2: Ball
3-2: SINGLE (Line Drive, 7LS)
Chris Whiteside to third
Batting: RHB Mike Green 0-0: Ball
1-0: Called Strike
1-1: 3-RUN HOME RUN (Flyball, 7LD), Distance : 367 ft
Batting: RHB Toshitsugu Sakamoto 0-0: Ball
1-0: Ball
2-0: Foul Ball, location: 2F
2-1: Foul Ball, location: 2F
2-2: SOLO HOME RUN (Flyball, 7D), Distance : 374 ft
Pitching: RHP Myron Johnson
Batting: LHB Randy Bowen 0-0: Ball
1-0: Ball
2-0: Ball
3-0: Called Strike
3-1: Fly out, F7 (Flyball, 7LSF)
Batting: LHB Peter Paul 0-0: Ball
1-0: Reached on error, E1 (Groundball, 23)
Batting: LHB Nelson Sanders 0-0: Ball
1-0: Foul Ball, location: 2F
1-1: SINGLE (Line Drive, 8LS)
Peter Paul to second
Batting: RHB Dave Sterling 0-0: Called Strike
0-1: Ball
1-1: Ball
2-1: Foul Ball, location: 2F
2-2: Foul Ball, location: 2F
2-2: Foul Ball, location: 2F
2-2: 3-RUN HOME RUN (Flyball, 7D), Distance : 373 ft
Batting: RHB Fred Rice 0-0: Ball
1-0: Ball
2-0: Ball
3-0: Called Strike
3-1: Called Strike
3-2: Base on Balls
Batting: LHB Chris Whiteside 0-0: Grounds into double play, 4-6-3 (Groundball, 4)
Top of the 6th over - 7 run(s), 6 hit(s), 1 error(s), 0 left on base; Port Royal 14 - Calgary 1
BOTTOM OF THE 6TH
Calgary Lynx batting - Pitching for Port Royal Disaster : RHP Chad Porter
Batting: RHB Pancho Salaedo 0-0: Ball
1-0: Ground out 4-3 (Groundball, 4)
Batting: SHB Tom Craft 0-0: Foul Ball, location: 2F
0-1: Ball
1-1: Swinging Strike
1-2: Strikes out swinging
Batting: RHB Steve Brewer 0-0: Ball
1-0: Called Strike
1-1: Ball
2-1: Fly out, F7 (Flyball, 78S)
Bottom of the 6th over - 0 run(s), 0 hit(s), 0 error(s), 0 left on base; Port Royal 14 - Calgary 1
TOP OF THE 7TH
Port Royal Disaster batting - Pitching for Calgary Lynx : RHP Myron Johnson
Batting: RHB Stu Shaw 0-0: Ball
1-0: Ball
2-0: Foul Ball, location: 2F
2-1: Foul Ball, location: 2F
2-2: Strikes out swinging
Batting: RHB Mike Green 0-0: Ball
1-0: Ball
2-0: Ball
3-0: Base on Balls
Batting: RHB Toshitsugu Sakamoto 0-0: Ball
Wild Pitch!
Mike Green to second
1-0: Ball
2-0: Ball
3-0: Called Strike
3-1: Base on Balls
Batting: LHB Randy Bowen 0-0: Fly out, F6 (Popup, 6D)
Batting: LHB Peter Paul 0-0: Ball
1-0: Ball
2-0: Ball
3-0: Called Strike
3-1: SINGLE (Line Drive, 7S)
Mike Green to third
Toshitsugu Sakamoto to second
Pinch Hitting: RHB Brian Olivares 0-0: Foul Ball, location: 2F
0-1: Swinging Strike
0-2: Ball
1-2: Ball
2-2: Strikes out swinging
Top of the 7th over - 0 run(s), 1 hit(s), 0 error(s), 3 left on base; Port Royal 14 - Calgary 1
BOTTOM OF THE 7TH
Calgary Lynx batting - Pitching for Port Royal Disaster : RHP Chad Porter
Now at 3B: Floyd Banks
Batting: RHB Wilbur James 0-0: SINGLE (Line Drive, 8LS)
Batting: LHB Iván Flores 0-0: Ball
Wilbur James is caught stealing 2nd base
1-0: Foul Ball, location: 2F
1-1: Ground out U3 (Groundball, 3)
Batting: RHB John Huff 0-0: Ball
1-0: Ball
2-0: Ball
3-0: Called Strike
3-1: Ground out 6-3 (Groundball, 6)
Bottom of the 7th over - 0 run(s), 1 hit(s), 0 error(s), 0 left on base; Port Royal 14 - Calgary 1
TOP OF THE 8TH
Port Royal Disaster batting - Pitching for Calgary Lynx : RHP Myron Johnson
Pitching: RHP Ricardo González
Batting: RHB Dave Sterling 0-0: Called Strike
0-1: Ball
1-1: Called Strike
1-2: Strikes out swinging
Batting: RHB Fred Rice 0-0: Foul Ball, location: 2F
0-1: Ball
1-1: SINGLE (Groundball, 56)
Batting: LHB Chris Whiteside 0-0: Ball
1-0: Called Strike
1-1: DOUBLE (Line Drive, 78M)
Fred Rice to third
Batting: RHB Stu Shaw 0-0: Ball
1-0: Foul Ball, location: 2F
1-1: Swinging Strike
1-2: Ball
2-2: Foul Ball, location: 2F
2-2: Strikes out swinging
Batting: RHB Mike Green 0-0: Ball
1-0: Called Strike
1-1: Ball
2-1: Ball
3-1: Called Strike
3-2: Base on Balls
Batting: RHB Toshitsugu Sakamoto 0-0: Ball
1-0: Swinging Strike
1-1: Foul Ball, location: 2F
1-2: Ball
2-2: Ball
3-2: Strikes out swinging
Top of the 8th over - 0 run(s), 2 hit(s), 0 error(s), 3 left on base; Port Royal 14 - Calgary 1
BOTTOM OF THE 8TH
Calgary Lynx batting - Pitching for Port Royal Disaster : RHP Chad Porter
Pitching: RHP Clyde Bowman
Now in CF: Brian Boone
Batting: RHB Darren Tomlinson 0-0: SINGLE (Line Drive, 56D)
Batting: LHB Timmy Appeldoorn 0-0: Called Strike
0-1: Ball
1-1: Ball
2-1: Ball
3-1: Base on Balls
Darren Tomlinson to second
Batting: SHB Vasco Paradela 0-0: Ball
1-0: Swinging Strike
1-1: Foul Ball, location: 2F
1-2: Ball
2-2: SINGLE (Groundball, 6MD) (infield hit)
Darren Tomlinson to third
Timmy Appeldoorn to second
Batting: RHB Pancho Salaedo 0-0: SINGLE (Flyball, 8RS)
Darren Tomlinson scores
Timmy Appeldoorn to third
Vasco Paradela to second
Runner from 3rd tries for Home, SAFE, throw made home
Vasco Paradela to third
Pancho Salaedo to second
Batting: SHB Tom Craft 0-0: Foul Ball, location: 2F
0-1: Ball
1-1: Fly out, F9 (Flyball, 9D)
Runner from 3rd tags up, SCORES, no throw
Pinch Hitting: LHB Gilbert Davis 0-0: Called Strike
0-1: SINGLE (Line Drive, 6M)
Pancho Salaedo to third
Batting: RHB Wilbur James 0-0: Fielders Choice at 2nd, 4-6 (Groundball, 34)
Pancho Salaedo scores
Batting: LHB Iván Flores 0-0: Ball
1-0: Fly out, F9 (Line Drive, 89D)
Bottom of the 8th over - 4 run(s), 4 hit(s), 0 error(s), 1 left on base; Port Royal 14 - Calgary 5
TOP OF THE 9TH
Port Royal Disaster batting - Pitching for Calgary Lynx : RHP Ricardo González
Now at 3B: Juan Sánchez
Batting: LHB Randy Bowen 0-0: Ball
1-0: Ball
2-0: Ball
3-0: Base on Balls
Batting: LHB Peter Paul 0-0: Bunted foul
0-1: Bunted foul
0-2: Ball
1-2: Ball
2-2: Ball
3-2: Base on Balls
Randy Bowen to second
Batting: RHB Floyd Banks 0-0: Sac Bunt - play at first, batter OUT! 3-4
Randy Bowen to third
Peter Paul to second
Batting: RHB Dave Sterling 0-0: Ball
1-0: Ball
2-0: Ball
3-0: Called Strike
3-1: Fly out, F8 (Line Drive, 8LS)
Batting: RHB Fred Rice 0-0: Fly out, F9 (Flyball, 89M)
Top of the 9th over - 0 run(s), 0 hit(s), 0 error(s), 2 left on base; Port Royal 14 - Calgary 5
BOTTOM OF THE 9TH
Calgary Lynx batting - Pitching for Port Royal Disaster : RHP Clyde Bowman
Now at C: Júlio García
Batting: RHB John Huff 0-0: Ground out 5-3 (Groundball, 5)
Batting: RHB Darren Tomlinson 0-0: Ball
1-0: Ball
2-0: Called Strike
2-1: Ball
3-1: Base on Balls
Batting: LHB Timmy Appeldoorn 0-0: Called Strike
0-1: Foul Ball, location: 2F
0-2: Strikes out swinging
Batting: SHB Vasco Paradela 0-0: Called Strike
0-1: Ball
1-1: Foul Ball, location: 2F
1-2: Ball
2-2: Strikes out looking
Bottom of the 9th over - 0 run(s), 0 hit(s), 0 error(s), 1 left on base; Port Royal 14 - Calgary 5
This league is powered by Out of the Park Baseball, the baseball management simulation game for PC, Mac and Linux
Friday, October 23rd, 2015 - OOTP Baseball 16.9 Build 39